 Dungeon Crawl Stone Soup version 0.17-a0-587-g4707e02 (webtiles) character file.

802 frag the Ruffian (level 7, -2/70 HPs)
             Began as a Troll Berserker on Apr 14, 2015.
             Was a High Priest of Trog.
             Slain by a gnoll
             ... wielding a +0 halberd
              (7 damage)
             ... on level 5 of the Dungeon on Apr 15, 2015.
             The game lasted 00:24:22 (4425 turns).

frag the Ruffian (Troll Berserker)                  Turns: 4425, Time: 00:24:22

Health: -2/70      AC:  6    Str: 27    XL:     7   Next: 59%
Magic:  6/6        EV:  6    Int:  4    God:    Trog [*****.]
Gold:   284        SH:  0    Dex:  9    Spells: 0 memorised, 6 levels left

rFire  . . .     SeeInvis .       - Unarmed
rCold  . . .     Clarity  .     b - +1 animal skin
rNeg   . . .     SustAb   .     (no shield)
rPois  +         Gourm    +     (helmet restricted)
rElec  .         Spirit   .     (no cloak)
rCorr  .         Warding  .     (gloves unavailable)
rMut   .         Stasis   .     (boots unavailable)
MR     .....                    (no amulet)
Stlth  +.........               (no ring)
                                w - ring of poison resistance

@: not resistant to hostile enchantments, very unstealthy
A: unfitting armour, claws 3, fast metabolism 3, gourmand, regeneration 2,
shaggy fur 1, tough skin 2
a: Burn Spellbooks, Berserk, Trog's Hand, Brothers in Arms, Renounce Religion


You were on level 5 of the Dungeon.
You worshipped Trog.
Trog was extremely pleased with you.
You were not hungry.

You visited 1 branch of the dungeon, and saw 5 of its levels.
You also visited: Sewer.

You collected 284 gold pieces.

Inventory:

Hand weapons
 f - a +1 dagger of speed
 A - a +0 long sword
 B - a +2 short sword of electrocution
Armour
 b - a +1 animal skin (worn)
 o - a +0 cloak
Jewellery
 w - a ring of poison resistance (left claw)
 z - an uncursed amulet of the gourmand {unknown}
Scrolls
 c - 2 scrolls of remove curse
 d - a scroll of magic mapping
 r - 2 scrolls of identify
 t - a scroll of recharging
Potions
 e - 3 potions of agility {unknown}
 g - a potion of magic {unknown}
 h - a potion of lignification {unknown}
 i - a potion of haste {unknown}
 j - a potion of cancellation {unknown}
 l - a potion of berserk rage {unknown}
 m - 3 potions of heal wounds {unknown}
 n - 3 potions of curing
 p - a potion of flight {unknown}
 q - 2 potions of brilliance {unknown}
 s - 2 potions of might {unknown}
 v - a potion of restore abilities {unknown}
 x - a potion of degeneration {unknown}
Books
 y - a book of Maledictions

   Spells                             Type                      Level
   a - Corona                         Hexes                        1
   b - Ensorcelled Hibernation        Hexes/Ice                    2
   c - Confuse                        Hexes                        3
   d - Tukima's Dance                 Hexes                        3
   e - Dazzling Spray                 Conjuration/Hexes            3
   Trog disapproves of the use of such an item.
Comestibles
 a - 4 bread rations
 k - a meat ration
 u - 2 fruits


   Skills:
 + Level 4.2 Fighting
 + Level 5.0 Dodging
 + Level 0.3 Stealth
 + Level 5.8 Unarmed Combat


You had 6 spell levels left.
You didn't know any spells.

Dungeon Overview and Level Annotations

Branches:
Dungeon (5/15)
 Temple: D:4-7

Altars:


Innate Abilities, Weirdness & Mutations

You are too large for most types of armour.
You have claws for hands.
Your metabolism is lightning-fast.
You like to eat raw meat.
You heal very quickly.
You are covered in fur (AC +1).
You have very tough skin (AC +2).


Message History

The gnoll shaman calls down the wrath of its god upon you.
You resist with some effort. The gnoll closely misses you.
You scratch the gnoll shaman but do no damage.
The gnoll shaman is heavily wounded.
The gnoll hits you from afar with a halberd!
* * * LOW HITPOINT WARNING * * *
The gnoll shaman closely misses you.
You barely miss the gnoll shaman.
The gnoll shaman is heavily wounded.
The gnoll hits you from afar with a halberd.
* * * LOW HITPOINT WARNING * * *
The gnoll shaman barely misses you.
You scratch the gnoll shaman.
The gnoll shaman is severely wounded.
The gnoll closely misses you. The gnoll shaman barely misses you.
The gnoll hits you from afar with a halberd!
* * * LOW HITPOINT WARNING * * *
There is a stone staircase leading up, spattered with blood here.
The gnoll hits you from afar with a halberd!
You die...

#.#
#.#
#.#
#..
#.#
####.#
....#
#..#
#.@#
#.g#
#g.#
#...#
#...#
....#
##.###
#. #.


You could see a gnoll shaman (bleeding) and a gnoll.

Vanquished Creatures
  An ogre (D:4)
  The ghost of xeno23 the Magician, an average DgWz (D:3)
  A big kobold (Sewer)
  3 orc priests
  4 orc wizards
  4 adders
  13 gnolls
  3 river rats (Sewer)
  6 giant geckos
  13 orcs
  8 ball pythons
  10 giant cockroaches
  10 goblins
  10 hobgoblins
  6 jackals
  24 kobolds
  2 quokkas (D:3)
  7 bats
  A giant gecko skeleton (D:4)
  5 giant newts
  33 rats
165 creatures vanquished.

Notes
Turn   | Place    | Note
--------------------------------------------------------------
     0 | D:1      | frag, the Troll Berserker, began the quest for the Orb.
     0 | D:1      | Reached XP level 1. HP: 22/22 MP: 0/0
   254 | D:1      | Reached XP level 2. HP: 29/29 MP: 1/1
   283 | D:1      | Upgraded the game from 0.17-a0-562-gfd539b1 to 0.17-a0-587-g4707e02
   624 | D:1      | Acquired Trog's second power
   901 | D:1      | Reached XP level 3. HP: 36/36 MP: 2/2
  1445 | D:2      | Reached skill level 4 in Unarmed Combat
  1445 | D:2      | Reached XP level 4. HP: 31/44 MP: 3/3
  1684 | D:3      | Reached XP level 5. HP: 48/53 MP: 4/4
  1828 | D:3      | Noticed xeno23's ghost (average DgWz)
  1850 | D:3      | Killed xeno23's ghost
  1903 | D:3      | Reached XP level 6. HP: 43/61 MP: 5/5
  2029 | D:3      | Found a glowing drain.
  2044 | D:3      | Reached skill level 5 in Unarmed Combat
  2046 | Sewer    | Entered a sewer
  2255 | Sewer    | Acquired Trog's third power
  3072 | D:3      | Reached XP level 7. HP: 63/68 MP: 6/6
  4152 | D:4      | Reached skill level 5 in Dodging
  4400 | D:5      | Entered Level 5 of the Dungeon
  4425 | D:5      | Slain by a gnoll

Action                   |  1- 3 |  4- 6 |  7- 9 || total
-------------------------+-------+-------+-------++-------
Melee: Unarmed           |    98 |   241 |    87 ||   426
  Use: Scroll            |     3 |     1 |     5 ||     9
       Potion            |       |     1 |     2 ||     3
  Eat: Chunk             |    15 |    15 |    11 ||    41
